[Event "Titled Tuesday Blitz August 22 Early 2023"]
[White "Cordova, Emilio"]
[Black "Papasimakopoulos, Alexandros"]
[WhiteFideId "3801497"]
[BlackFideId "4244125"]
[WhiteElo "2870"]
[BlackElo "2703"]
[Result "1-0"]
[Round "6"]
[TimeControl "180+1"]
[Date "2023.08.22"]
[WhiteClock "0:00:32"]
[BlackClock "0:00:03"]
[Board "29"]

1. Nf3 d5 2. e3 c6 3. c4 Nf6 4. b3 Bg4 5. Bb2 e6 6. Nc3 Nbd7 7. Ne2 Bf5 8. Ng3 Bg6 9. Nh4 Be7 10. Be2 a5 11. a3 Nc5 12. Nxg6 hxg6 13. Qc2 dxc4 14. Bxc4 Rc8 15. O-O b5 16. Be2 a4 17. b4 Nb3 18. Rad1 O-O 19. d4 Nd5 20. Qb1 Bd6 21. Ne4 Bb8 22. g3 f5 23. Nc5 Nxc5 24. dxc5 Qe7 25. e4 Nf6 26. exf5 gxf5 27. Bf3 Nd5 28. Rfe1 Qf7 29. Kg2 Rfe8 30. Qd3 Rcd8 31. Qe2 e5 32. Kg1 e4 33. Bg2 Be5 34. Bxe5 Rxe5 35. Qb2 Ree8 36. f3 Qf6 37. Qxf6 Nxf6 38. fxe4 fxe4 39. Kf2 Ng4+ 40. Ke2 Rd3 41. Rxd3 exd3+ 42. Kd2 Ne5 43. Kc3 Kf7 44. Be4 Rd8 45. Rf1+ Ke7 46. Re1 Kf6 47. Rd1 Kg5 48. Bxd3 Rf8 49. Be4 Rf2 50. Rd2 Rf1 51. Re2 Rc1+ 52. Kd4 Kf6 53. Rf2+ Ke6 54. Bf5+ Kf6 55. Bc8+ Ke7 56. Kxe5 Rc3 57. Ra2 Re3+ 58. Kf4 Rb3 59. Bf5 Kf6 60. Be4 g5+ 61. Kg4 1-0


[Site "https://www.chess.com"]

[Event "Titled Tuesday Blitz August 22 Early 2023"]
[White "Volovich, Vasily"]
[Black "Yeletsky, Ivan"]
[WhiteFideId "34169676"]
[BlackFideId "24180327"]
[WhiteElo "2701"]
[BlackElo "2869"]
[Result "0-1"]
[Round "6"]
[TimeControl "180+1"]
[Date "2023.08.22"]
[WhiteClock "0:00:17"]
[BlackClock "0:01:23"]
[Board "30"]

1. e4 c5 2. Nf3 e6 3. c3 d5 4. exd5 exd5 5. d4 Nf6 6. Bb5+ Bd7 7. Qe2+ Be7 8. dxc5 O-O 9. Be3 Ng4 10. O-O Nxe3 11. fxe3 Bxc5 12. Nd4 Nc6 13. Nd2 a6 14. Bxc6 bxc6 15. Kh1 Re8 16. e4 dxe4 17. Nxe4 Bxd4 18. cxd4 f5 19. Qc4+ Be6 20. Qxc6 Bd5 21. Nf6+ gxf6 22. Qc3 Re2 23. Rf2 Rxf2 24. Qg3+ Kh8 25. Qxf2 Be4 26. Kg1 Ra7 27. g3 Rc7 28. Rd1 Rc2 29. Qf4 Rg2+ 30. Kf1 Qd5 31. Qb8+ Kg7 32. Rc1 Bd3+ 33. Ke1 Qe4+ 34. Kd1 Qe2# 0-1


[Site "https://www.chess.com"]

[Event "Titled Tuesday Blitz August 22 Early 2023"]
[White "Ibrahimli, Murad"]
[Black "Djordjevic, Vuk"]
[WhiteFideId "13410229"]
[BlackFideId "902098"]
[WhiteElo "2864"]
[BlackElo "2687"]
[Result "1-0"]
[Round "6"]
[TimeControl "180+1"]
[Date "2023.08.22"]
[WhiteClock "0:00:46"]
[BlackClock "0:00:00"]
[Board "31"]

1. d4 Nf6 2. c4 e6 3. Nf3 b6 4. g3 Ba6 5. b3 Bb4+ 6. Bd2 Be7 7. Bg2 c6 8. O-O O-O 9. Ne5 d5 10. Bc3 Nfd7 11. Nxd7 Nxd7 12. Nd2 Rc8 13. e4 b5 14. Re1 bxc4 15. bxc4 dxc4 16. Qa4 Bb5 17. Qc2 Re8 18. a4 Ba6 19. Rad1 Qc7 20. h4 e5 21. Nf3 Bf6 22. Bh3 exd4 23. Nxd4 Rcd8 24. f4 Nc5 25. e5 Be7 26. Nf5 Bf8 27. Rxd8 Qxd8 28. Rd1 Nd3 29. Kh2 g6 30. Nd4 c5 31. Nb5 Qb8 32. Rb1 Nb4 33. Qe4 Bxb5 34. axb5 Qa8 35. Qxc4 Qf3 36. Bg2 Qe3 37. Re1 Qd3 38. Bf1 Qc2+ 39. Re2 Qf5 40. Bh3 Qd3 41. Qxd3 Nxd3 42. Ra2 Rb8 43. Rxa7 Rxb5 44. e6 f6 45. e7 Bxe7 46. Rxe7 Rb6 47. Rd7 Nf2 48. Bf1 Ne4 49. Bc4+ Kf8 50. Be1 Rb1 51. Ba5 Rb2+ 52. Kh3 Nf2+ 53. Kg2 Ng4+ 54. Kf3 f5 55. Rd8+ 1-0


[Site "https://www.chess.com"]

[Event "Titled Tuesday Blitz August 22 Early 2023"]
[White "SmirnovAlexandrA"]
[Black "Maksimovic, Bojan"]
[BlackFideId "14408120"]
[WhiteElo "2652"]
[BlackElo "2863"]
[Result "1/2-1/2"]
[Round "6"]
[TimeControl "180+1"]
[Date "2023.08.22"]
[WhiteClock "0:00:18"]
[BlackClock "0:00:14"]
[Board "32"]

1. e4 g6 2. d4 Nf6 3. Nc3 d5 4. exd5 Nxd5 5. Nf3 Nxc3 6. bxc3 Bg7 7. Bd3 c5 8. Rb1 Nc6 9. O-O O-O 10. Re1 Bg4 11. h3 Bxf3 12. Qxf3 cxd4 13. Rxb7 Ne5 14. Qg3 Nxd3 15. Qxd3 dxc3 16. Rd7 Qa5 17. Rexe7 Qxa2 18. Kh2 a5 19. Be3 a4 20. Ra7 Bf6 21. Red7 Kg7 22. Bd4 Bxd4 23. Qxd4+ Kg8 24. Qxc3 a3 25. Qf3 Rxa7 26. Rxa7 Qxc2 27. Rxa3 Qc7+ 28. Qg3 Qc5 29. Rc3 Qd4 30. Qe3 Qd6+ 31. Qg3 Qe6 32. Qe3 Qf6 33. Qf3 Qe6 34. Qe3 Qd6+ 35. Qg3 Qd7 36. Qd3 Qe7 37. Qe3 Qf6 38. Qf3 Qg7 39. g3 h6 40. Kg2 Qe5 41. Re3 Qd4 42. Rd3 Qc5 43. Rc3 Qg5 44. Rd3 h5 45. Qd5 Qf6 46. Rf3 Qg7 47. h4 Kh7 48. Qd7 Kg8 49. Qd5 Kh7 50. Qd7 Kh8 51. Qd5 Kg8 52. Qd7 Qe5 53. Qd3 Re8 54. Qd7 Re7 55. Qd8+ Kg7 56. Qd3 Qc7 57. Qc3+ Kh7 58. Qxc7 Rxc7 59. Rd3 Kg7 60. Kf3 Kf6 61. Re3 Kf5 62. Rd3 f6 63. Rd5+ Ke6 64. Rd3 Rc5 65. Re3+ Kf5 66. Ra3 g5 67. hxg5 Kxg5 68. Ra4 f5 69. Kg2 Rc3 70. Rb4 Rd3 71. Ra4 Rd5 72. Rb4 Rd6 73. Rc4 Re6 74. Rb4 Re4 75. Rxe4 fxe4 76. f3 Kf5 77. fxe4+ Kxe4 78. Kh3 Kf5 79. Kh4 Kg6 80. g4 Kh6 81. gxh5 Kg7 82. Kg5 Kh7 83. h6 Kh8 84. Kh5 Kh7 85. Kg5 Kg8 86. Kg6 Kh8 87. h7 1/2-1/2


[Site "https://www.chess.com"]

[Event "Titled Tuesday Blitz August 22 Early 2023"]
[White "CrazyAdvenTures"]
[Black "Durarbayli, Vasif"]
[BlackFideId "13402935"]
[WhiteElo "2649"]
[BlackElo "2859"]
[Result "1/2-1/2"]
[Round "6"]
[TimeControl "180+1"]
[Date "2023.08.22"]
[WhiteClock "0:00:10"]
[BlackClock "0:00:06"]
[Board "33"]

1. e4 c5 2. Nf3 Nc6 3. Bc4 e6 4. O-O Be7 5. c3 d5 6. exd5 exd5 7. Bb5 Nf6 8. d4 cxd4 9. Nxd4 Bd7 10. Bg5 O-O 11. Nd2 h6 12. Bxf6 Bxf6 13. Nc2 Qb6 14. a4 a6 15. Bxc6 bxc6 16. Rb1 Bf5 17. Nf3 Be4 18. Qd2 a5 19. b4 axb4 20. Rxb4 Qc5 21. Ncd4 Bxf3 22. gxf3 Ra6 23. Rfb1 Be5 24. f4 Bxd4 25. Qxd4 Qd6 26. Rb6 Qg6+ 27. Kf1 Rxb6 28. Rxb6 Ra8 29. Qb4 Kh7 30. Rb8 Qd3+ 31. Kg2 Rxb8 32. Qxb8 Qe4+ 33. Kf1 Qxa4 34. Qb1+ Qe4 35. Qb7 Qc4+ 36. Kg1 Qxc3 37. Qxf7 Qf6 38. Qc7 d4 39. Kf1 d3 40. Qd7 Qa1+ 41. Kg2 Qc3 42. Qf5+ Kg8 43. Qe6+ Kf8 44. Qd6+ Kf7 45. Qd7+ Kf6 46. Qd6+ Kf5 47. f3 c5 48. Kg3 Qd4 49. Qf8+ Ke6 50. f5+ Ke5 51. Qf7 Qd5 52. Qxg7+ Kxf5 53. Qxh6 d2 54. Qh7+ Ke6 55. Qg8+ Kd6 56. Qd8+ Ke5 57. Qg5+ Ke6 58. Qg8+ Kd6 59. Qd8+ Kc6 60. Qa8+ Kd6 61. Qd8+ 1/2-1/2


[Site "https://www.chess.com"]

[Event "Titled Tuesday Blitz August 22 Early 2023"]
[White "Aaditya Dhingra"]
[Black "Timofeev, Artyom"]
[WhiteFideId "25678191"]
[BlackFideId "4140419"]
[WhiteElo "2649"]
[BlackElo "2847"]
[Result "0-1"]
[Round "6"]
[TimeControl "180+1"]
[Date "2023.08.22"]
[WhiteClock "0:00:12"]
[BlackClock "0:00:15"]
[Board "34"]

1. d4 e6 2. c4 Bb4+ 3. Bd2 Qe7 4. Nc3 Nf6 5. Nf3 O-O 6. g3 d6 7. Bg2 e5 8. O-O Bxc3 9. Bxc3 e4 10. Ne1 d5 11. Nc2 Re8 12. Ne3 c6 13. Rc1 Be6 14. b3 Nbd7 15. Qd2 Nf8 16. Bb4 Qd7 17. cxd5 cxd5 18. Rc2 Ng6 19. Rfc1 Rac8 20. a4 h5 21. Rxc8 Rxc8 22. Rxc8+ Qxc8 23. Qc3 Qd7 24. h4 Ne7 25. Qc5 Nc6 26. Ba3 Kh7 27. Nc2 Bh3 28. Bh1 Qg4 29. Kh2 Bf1 30. Ne3 Qxe2 31. Qc2 Qxc2 32. Nxc2 Bd3 33. Ne3 Nxd4 34. Bb2 Nxb3 35. Bxf6 gxf6 36. Nxd5 f5 37. Bg2 b6 38. Bh3 Nd4 39. Ne7 Bc2 40. Nxf5 Nxf5 41. Bxf5+ Kg7 42. Bd7 Kf6 43. g4 hxg4 44. Kg3 Bd1 45. Kf4 Bf3 46. h5 Kg7 47. Kg5 f6+ 48. Kf5 Kh6 49. Be8 e3 50. fxe3 g3 0-1


[Site "https://www.chess.com"]

[Event "Titled Tuesday Blitz August 22 Early 2023"]
[White "Hoang, Thi Bao Tram"]
[Black "Naroditsky, Daniel"]
[WhiteFideId "12401102"]
[BlackFideId "2026961"]
[WhiteElo "2695"]
[BlackElo "3187"]
[Result "0-1"]
[Round "6"]
[TimeControl "180+1"]
[Date "2023.08.22"]
[WhiteClock "0:00:00"]
[BlackClock "0:00:05"]
[Board "35"]

1. d4 Nf6 2. Nf3 g6 3. g3 Bg7 4. Bg2 O-O 5. O-O d6 6. a4 a5 7. c3 Nc6 8. Na3 Bf5 9. Re1 Qd7 10. Nb5 Be4 11. Bf4 Nd5 12. Bd2 Nb6 13. Nh4 Bxg2 14. Nxg2 e5 15. dxe5 Nxe5 16. Qc2 c6 17. Nd4 d5 18. b3 Nc8 19. Rad1 Nd6 20. Bf4 Rfe8 21. Qc1 Qh3 22. f3 h6 23. Be3 g5 24. Bf2 Ne4 25. Be3 Rad8 26. Rf1 Nd6 27. Rf2 Re7 28. Kh1 Rde8 29. Rdf1 Ne4 30. fxe4 Ng4 31. Nf3 dxe4 32. Nf4 gxf4 33. Ng1 Qh5 34. Bxf4 Nxf2+ 35. Rxf2 e3 36. Rf3 Qg6 0-1


[Site "https://www.chess.com"]

[Event "Titled Tuesday Blitz August 22 Early 2023"]
[White "Le, Tuan Minh"]
[Black "KarolKacprzak"]
[WhiteFideId "12401153"]
[WhiteElo "2996"]
[BlackElo "2692"]
[Result "1-0"]
[Round "6"]
[TimeControl "180+1"]
[Date "2023.08.22"]
[WhiteClock "0:01:20"]
[BlackClock "0:00:15"]
[Board "36"]

1. d4 Nf6 2. Nf3 d5 3. Bf4 c5 4. c3 e6 5. e3 Nc6 6. Nbd2 Bd6 7. Bg3 O-O 8. Bb5 a6 9. Bxc6 bxc6 10. Qa4 Bxg3 11. hxg3 cxd4 12. cxd4 Bd7 13. Qa3 Qb6 14. O-O Rfb8 15. b3 Qb4 16. Qc1 a5 17. Ne5 Be8 18. Nd3 Qb5 19. Qc3 a4 20. Rfc1 h6 21. bxa4 Qxa4 22. Nc5 Qa7 23. a4 Nd7 24. Nxd7 Bxd7 25. Nb3 Rb6 26. Nc5 Bc8 27. Rcb1 Rab8 28. Rxb6 Rxb6 29. a5 Rb5 30. a6 e5 31. Qd2 Kh7 32. Qc2+ g6 33. Qd1 e4 34. f3 exf3 35. Qxf3 Kg8 36. Qf6 Bg4 37. Qxc6 Rb2 38. Qe8+ Kg7 39. Qe5+ Kh7 40. Qxd5 Qe7 41. Qe4 1-0


[Site "https://www.chess.com"]

[Event "Titled Tuesday Blitz August 22 Early 2023"]
[White "Van Foreest, Jorden"]
[Black "Hua, Lefong"]
[WhiteFideId "1039784"]
[BlackFideId "2602253"]
[WhiteElo "2990"]
[BlackElo "2687"]
[Result "1-0"]
[Round "6"]
[TimeControl "180+1"]
[Date "2023.08.22"]
[WhiteClock "0:02:38"]
[BlackClock "0:01:19"]
[Board "37"]

1. b3 Nf6 2. Bb2 g6 3. Nf3 Bg7 4. g3 O-O 5. Bg2 c5 6. c4 Nc6 7. O-O d6 8. d4 Ne4 9. e3 Bg4 10. h3 Bd7 11. Qc2 Bf5 12. g4 Nb4 13. Qe2 Bd7 14. a3 Nc6 15. d5 Na5 16. Bxg7 Kxg7 17. b4 1-0


[Site "https://www.chess.com"]

[Event "Titled Tuesday Blitz August 22 Early 2023"]
[White "Pert, Richard G"]
[Black "Chigaev, Maksim"]
[WhiteFideId "404748"]
[BlackFideId "4108116"]
[WhiteElo "2683"]
[BlackElo "2906"]
[Result "0-1"]
[Round "6"]
[TimeControl "180+1"]
[Date "2023.08.22"]
[WhiteClock "0:00:08"]
[BlackClock "0:00:42"]
[Board "38"]

1. d4 Nf6 2. Bg5 g6 3. Nf3 Bg7 4. Nbd2 O-O 5. e3 d6 6. Bc4 Nc6 7. O-O Qe8 8. a4 a5 9. Bb5 Bd7 10. Nc4 h6 11. Bxf6 exf6 12. Qd2 f5 13. Bxc6 Bxc6 14. Nxa5 Bxf3 15. gxf3 b6 16. Nb3 Rxa4 17. Rxa4 Qxa4 18. Ra1 Qc6 19. Kg2 Qd5 20. Qd3 b5 21. Ra5 c6 22. Nd2 f4 23. c4 Qg5+ 24. Kf1 fxe3 25. fxe3 bxc4 26. Nxc4 d5 27. Nd2 Re8 28. f4 Qh5 29. Kg2 Qg4+ 30. Kf1 Qh3+ 31. Ke2 Qxh2+ 32. Kd1 Qg1+ 33. Nf1 Qf2 34. Rc5 Bxd4 35. Qxd4 Qxf1+ 36. Kd2 Qf2+ 37. Kd3 Re4 0-1


[Site "https://www.chess.com"]

[Event "Titled Tuesday Blitz August 22 Early 2023"]
[White "Gubajdullin, Alexei"]
[Black "Tahbaz, Arash"]
[WhiteFideId "4141202"]
[BlackFideId "12528846"]
[WhiteElo "2668"]
[BlackElo "2905"]
[Result "1-0"]
[Round "6"]
[TimeControl "180+1"]
[Date "2023.08.22"]
[WhiteClock "0:01:19"]
[BlackClock "0:00:00"]
[Board "39"]

1. d4 g6 2. Nf3 Bg7 3. Bf4 d6 4. e3 Nf6 5. Be2 O-O 6. O-O Nfd7 7. h3 e5 8. Bh2 Nc6 9. c4 f5 10. Nc3 g5 11. c5 e4 12. cxd6 cxd6 13. Nd2 Nf6 14. d5 Ne5 15. Bxe5 dxe5 16. Nc4 Re8 17. d6 f4 18. Nxe4 Nxe4 19. Qd5+ Be6 20. Qxe4 b5 21. d7 Qxd7 22. Rad1 Qc7 23. Nd6 Red8 24. Nxb5 Qc5 25. Rc1 Bd5 26. Qf5 Qb6 27. Nc7 fxe3 28. Nxd5 Rxd5 29. Bc4 exf2+ 30. Qxf2 1-0


[Site "https://www.chess.com"]

[Event "Titled Tuesday Blitz August 22 Early 2023"]
[White "Itgelt, Khuyagtsogt"]
[Black "Rustemov, Alexander"]
[WhiteFideId "4902912"]
[BlackFideId "4119002"]
[WhiteElo "2659"]
[BlackElo "2871"]
[Result "0-1"]
[Round "6"]
[TimeControl "180+1"]
[Date "2023.08.22"]
[WhiteClock "0:00:01"]
[BlackClock "0:01:21"]
[Board "40"]

1. d4 d5 2. c4 c6 3. Nf3 Nf6 4. g3 Bf5 5. Nc3 e6 6. Nh4 Bg6 7. Qb3 Qb6 8. c5 Qc7 9. Bf4 Qc8 10. Nxg6 hxg6 11. Bg2 Be7 12. O-O O-O 13. Qc2 Nbd7 14. b4 a6 15. Rab1 Bd8 16. a4 Bc7 17. Bxc7 Qxc7 18. f4 b6 19. Rb2 a5 20. Rfb1 axb4 21. cxb6 Nxb6 22. Rxb4 Nc4 23. Qc1 Rfb8 24. Rxb8+ Rxb8 25. e4 Qa7 26. Rxb8+ Qxb8 27. exd5 exd5 28. Qb1 Qa7 29. Qd1 Qa5 30. Qb3 Qa7 31. Qd1 Ne8 32. h3 Ned6 33. Kh2 Nf5 34. Qe1 Qxd4 35. Qe8+ Kh7 36. Ne2 Qf2 37. g4 Nce3 0-1


[Site "https://www.chess.com"]

[Event "Titled Tuesday Blitz August 22 Early 2023"]
[White "Sipila, Vilka"]
[Black "JeRoma71"]
[WhiteFideId "505455"]
[WhiteElo "2635"]
[BlackElo "2868"]
[Result "0-1"]
[Round "6"]
[TimeControl "180+1"]
[Date "2023.08.22"]
[WhiteClock "0:00:02"]
[BlackClock "0:00:29"]
[Board "41"]

1. Nc3 d5 2. e4 e6 3. Nf3 Nf6 4. exd5 exd5 5. d4 c6 6. Bd3 Bd6 7. O-O O-O 8. h3 Re8 9. Ne2 Nbd7 10. Bf4 Nf8 11. Bxd6 Qxd6 12. Ng3 Ne4 13. Re1 f5 14. c4 Ng6 15. cxd5 cxd5 16. Qb3 Be6 17. Ne2 b6 18. Ba6 h6 19. Rac1 Kh7 20. Rc2 Re7 21. Rec1 Rf8 22. Bc8 Bxc8 23. Rxc8 Rxc8 24. Rxc8 Nd2 25. Qd3 Qe6 26. Rc2 Ne4 27. Nc3 Nf4 28. Qe3 Nxc3 29. Rxc3 Ne2+ 30. Kh2 Nxc3 31. Qxc3 Qd6+ 32. Ne5 Rc7 33. Qf3 Qe6 34. Qg3 Rc2 35. Qe3 Rxb2 36. a3 Rc2 37. g4 Rc8 38. Qd3 Rf8 39. Kg2 Kg8 40. Qc2 fxg4 41. hxg4 Qf6 42. f3 Qf4 43. Qc7 Qxd4 44. Ng6 Qd2+ 45. Kg3 Qe1+ 46. Kg2 Qe2+ 47. Kg1 Qe3+ 48. Kg2 Qxf3+ 0-1


[Site "https://www.chess.com"]

[Event "Titled Tuesday Blitz August 22 Early 2023"]
[White "Elsa167"]
[Black "Ovchinnikov, Vsevolod"]
[BlackFideId "24176842"]
[WhiteElo "2863"]
[BlackElo "2655"]
[Result "1-0"]
[Round "6"]
[TimeControl "180+1"]
[Date "2023.08.22"]
[WhiteClock "0:00:15"]
[BlackClock "0:00:00"]
[Board "42"]

1. d4 Nf6 2. c4 g6 3. Nc3 d5 4. Nf3 Bg7 5. Bg5 Ne4 6. cxd5 Nxg5 7. Nxg5 e6 8. Qd2 exd5 9. Qe3+ Kf8 10. Qf4 Bf6 11. h4 c6 12. O-O-O h6 13. Nf3 Kg7 14. e4 dxe4 15. Ne5 Be6 16. Nxe4 Nd7 17. Nxd7 Bxd7 18. Bc4 Rf8 19. g4 g5 20. Qh2 Rh8 21. hxg5 hxg5 22. Qg3 Qe7 23. Rhe1 Be6 24. Nc5 Bxc4 25. Rxe7 Bxe7 26. Ne4 Rae8 27. Qe5+ Kg6 28. Qf5+ Kg7 29. Nxg5 Bd5 30. f3 Bf6 31. Ne4 Bxe4 32. fxe4 Re6 33. e5 Bd8 34. Rf1 Rf8 35. Rh1 Rg6 36. Qh5 Bg5+ 37. Kc2 Rg8 38. Rf1 Rf8 39. Rf5 Rh8 40. Rxf7+ Kxf7 41. Qxh8 Rg7 42. Qb8 Kg6 43. Qxa7 Re7 44. Qb8 Kg7 45. Qc8 Rf7 46. b4 Kg6 47. a4 Kg7 48. b5 cxb5 49. axb5 Re7 50. Kd3 Kh6 51. Ke4 Kg6 52. Qg8+ Rg7 53. Qe6+ Kh7 54. d5 Re7 55. Qf5+ Kh6 56. d6 Rg7 57. e6 Rg6 58. e7 Rg8 59. Qe6+ 1-0


[Site "https://www.chess.com"]

[Event "Titled Tuesday Blitz August 22 Early 2023"]
[White "Maltsevskaya, Aleksandra"]
[Black "Lenderman, Aleksandr"]
[WhiteFideId "24174041"]
[BlackFideId "2021285"]
[WhiteElo "2632"]
[BlackElo "2856"]
[Result "1-0"]
[Round "6"]
[TimeControl "180+1"]
[Date "2023.08.22"]
[WhiteClock "0:02:27"]
[BlackClock "0:02:06"]
[Board "43"]

1. e4 d5 2. exd5 Nf6 3. Nc3 Nxd5 4. Nf3 Bg4 5. g3 Nxc3 6. bxc3 Qd5 7. Bg2 Qe4+ 8. Kf1 Nc6 9. h3 Bh5 10. g4 Bg6 11. Nd4 Nxd4 12. Bxe4 Bxe4 13. cxd4 Bxh1 14. f3 O-O-O 15. Kf2 Rxd4 16. Qxh1 e5 17. d3 Bd6 18. Be3 Ra4 19. Qb1 f6 20. Qb3 1-0


[Site "https://www.chess.com"]

[Event "Titled Tuesday Blitz August 22 Early 2023"]
[White "Zarubitski, Viachaslau"]
[Black "Bachmann, Axel"]
[WhiteFideId "13509373"]
[BlackFideId "3700488"]
[WhiteElo "2631"]
[BlackElo "2849"]
[Result "0-1"]
[Round "6"]
[TimeControl "180+1"]
[Date "2023.08.22"]
[WhiteClock "0:00:00"]
[BlackClock "0:00:11"]
[Board "44"]

1. e4 c5 2. Nf3 e6 3. d4 cxd4 4. Nxd4 a6 5. c4 Nf6 6. Nc3 Bb4 7. Qd3 O-O 8. e5 Ne8 9. a3 Bxc3+ 10. Qxc3 d6 11. Nf3 dxe5 12. Nxe5 f6 13. Nf3 Nc6 14. Bd3 e5 15. O-O Bg4 16. Be4 Rc8 17. Be3 Nd6 18. Bd5+ Kh8 19. h3 Bh5 20. Rfd1 Qc7 21. Bc5 Rfd8 22. b4 e4 23. Bxd6 Qxd6 24. Bxe4 Qxd1+ 25. Rxd1 Rxd1+ 26. Kh2 Bg6 27. Qc2 Rcd8 28. Bxg6 hxg6 29. Qxg6 Kg8 30. b5 axb5 31. cxb5 Nd4 32. Qe4 Nxf3+ 33. Qxf3 R1d5 34. a4 Kh8 35. g4 b6 36. Kg2 Rd4 37. Qb3 Rf4 38. Qa3 Ra8 39. Qd6 Raxa4 40. Qxb6 Rfb4 41. Qd8+ Kh7 42. b6 Ra3 43. g5 fxg5 44. Qxg5 Rxb6 45. Qf5+ Rg6+ 46. Kh2 Ra6 47. Qe4 Re6 48. Qd4 Ref6 49. Qh4+ Kg8 50. Qc4+ Rf7 51. Qc8+ Kh7 52. Qc2 Rf4 53. Qd3 Kh6 54. Qc2 Rgf6 55. Qd2 g5 56. Kg2 Re6 57. Qc1 Re2 58. Qc6+ Kh5 59. Qc5 Re6 60. Qa7 Kh6 61. Qd7 Ref6 62. Qa7 Rf3 63. Qd4 Kh5 64. Qc5 Kh4 65. Qd4+ R3f4 66. Qb6 Rxf2+ 67. Qxf2+ Rxf2+ 68. Kxf2 Kxh3 0-1


[Site "https://www.chess.com"]

[Event "Titled Tuesday Blitz August 22 Early 2023"]
[White "Mendez Fortes, Eduardo Jesus"]
[Black "Galchenko, Matvey"]
[WhiteFideId "3502376"]
[BlackFideId "24175480"]
[WhiteElo "2631"]
[BlackElo "2848"]
[Result "1-0"]
[Round "6"]
[TimeControl "180+1"]
[Date "2023.08.22"]
[WhiteClock "0:00:10"]
[BlackClock "0:00:09"]
[Board "45"]

1. e4 e6 2. d4 d5 3. Nd2 a6 4. c3 c5 5. exd5 exd5 6. Ngf3 Nf6 7. Be2 Nc6 8. dxc5 Bxc5 9. O-O O-O 10. Nb3 Bb6 11. Bg5 Be6 12. Nfd4 h6 13. Bh4 g5 14. Bg3 Ne4 15. Bd3 Qf6 16. Bc2 Rad8 17. Qd3 Rfe8 18. Kh1 Qg7 19. Rae1 Bd7 20. Nxc6 Bxc6 21. Nd4 Bd7 22. f3 Nxg3+ 23. hxg3 Rc8 24. Bb1 Qf6 25. Rxe8+ Rxe8 26. Qd2 Qe5 27. f4 Qe3 28. Qxe3 Rxe3 29. fxg5 hxg5 30. Bf5 Be8 31. Kg1 Rxg3 32. Kf2 Bb5 33. Re1 Rd3 34. Bxd3 Bxd3 35. Re8+ Kg7 36. Rb8 Bc7 37. Rxb7 Bf4 38. Ne6+ Kf6 39. Nxf4 gxf4 40. Rb6+ Ke5 41. Rb4 f6 42. Rd4 Bc4 43. b3 Bb5 44. a4 Bc6 45. a5 Bb5 46. Rd1 Kf5 47. Rxd5+ Ke4 48. Rxb5 axb5 49. a6 1-0


[Site "https://www.chess.com"]

[Event "Titled Tuesday Blitz August 22 Early 2023"]
[White "Zemlyanskii, Ivan"]
[Black "Boarish_Male"]
[WhiteFideId "24249971"]
[WhiteElo "2836"]
[BlackElo "2610"]
[Result "1-0"]
[Round "6"]
[TimeControl "180+1"]
[Date "2023.08.22"]
[WhiteClock "0:00:07"]
[BlackClock "0:00:02"]
[Board "46"]

1. d4 d5 2. Bf4 Nf6 3. e3 e6 4. Nf3 Bd6 5. Bg3 O-O 6. Nbd2 b6 7. Ne5 Bb7 8. Bd3 c5 9. c3 Nc6 10. O-O Ne7 11. Bh4 Nf5 12. Bxf5 exf5 13. Qf3 g6 14. Bxf6 Qxf6 15. Nd7 Bxh2+ 16. Kxh2 Qd6+ 17. Ne5 f6 18. Qg3 fxe5 19. dxe5 Qe6 20. f4 Rad8 21. Nf3 h6 22. Qh4 Kg7 23. Kg3 d4 24. cxd4 Bxf3 25. Rxf3 cxd4 26. Rd1 d3 27. Rf2 Rd7 28. Rfd2 Rfd8 29. b3 b5 30. Kf2 b4 31. Qg3 Rd5 32. Qf3 Qb6 33. g3 a5 34. Kg2 Qb5 35. e4 fxe4 36. Qxe4 Rd4 37. Qf3 Qd7 38. Re1 Qd5 39. Qxd5 R8xd5 40. Kf3 Kf7 41. Ke3 Ke6 42. Red1 Rd8 43. Rxd3 Rxd3+ 44. Rxd3 Rc8 45. Rd6+ Kf7 46. Ra6 Rc3+ 47. Ke4 Rxg3 48. Rxa5 h5 49. Ra7+ Ke6 50. Rb7 h4 51. Rxb4 h3 52. Rb8 Rg2 53. Rh8 h2 54. a4 Rb2 55. a5 Re2+ 56. Kf3 Rb2 57. Kg4 Rg2+ 58. Kf3 Rb2 59. a6 Rxb3+ 60. Kg4 Ra3 61. Rxh2 Rxa6 62. Rh6 Kf7 63. Rh7+ Kf8 64. Rd7 Rb6 65. Rd6 Rxd6 66. exd6 Kf7 67. Kg5 Ke6 68. Kxg6 Kxd6 69. f5 Ke7 70. Kg7 1-0


[Site "https://www.chess.com"]

[Event "Titled Tuesday Blitz August 22 Early 2023"]
[White "Arat, Ufuk Sezen"]
[Black "Putnam, Liam"]
[WhiteFideId "6309089"]
[BlackFideId "30938279"]
[WhiteElo "2619"]
[BlackElo "2818"]
[Result "0-1"]
[Round "6"]
[TimeControl "180+1"]
[Date "2023.08.22"]
[WhiteClock "0:00:08"]
[BlackClock "0:00:09"]
[Board "47"]

1. e4 e5 2. Nf3 Nc6 3. Bc4 Bc5 4. d4 Bxd4 5. Nxd4 Nxd4 6. Be3 Ne6 7. Bxe6 dxe6 8. Qh5 Qd6 9. Nd2 Nf6 10. Qf3 b6 11. O-O-O Bb7 12. Bg5 Qe7 13. Rhe1 h6 14. Bh4 O-O-O 15. Bg3 Qc5 16. Bh4 Qe7 17. Bg3 Nd7 18. Qc3 f6 19. f4 exf4 20. Bxf4 e5 21. Be3 Nf8 22. Nc4 Ne6 23. Bf2 Rxd1+ 24. Kxd1 Rd8+ 25. Kc1 Nc5 26. Nd2 Ne6 27. a4 Kb8 28. a5 Qd7 29. b3 Nf4 30. g3 Ne6 31. Nc4 Nd4 32. axb6 axb6 33. Kb2 Qc6 34. Ra1 Qxe4 35. Rd1 Rd5 36. Rd2 Nb5 37. Qb4 Rxd2 38. Qxd2 Qd5 39. Qe2 Nd4 40. Qg4 g5 41. Qh5 Qe4 42. Na3 Qe2 43. Qe8+ Bc8 44. Bxd4 Qxh2 45. Bc3 Qxg3 46. Nc4 Qg2 47. Qf8 Qc6 48. Qxh6 Kb7 49. Qh2 Be6 50. Nd2 e4 51. Qe2 f5 52. Nf1 Bd5 53. Ne3 f4 54. Ng4 e3 55. Nxe3 fxe3 56. Qxe3 g4 57. Qg3 Bf3 58. Be5 Qc5 59. c3 b5 60. Bd4 Qc6 61. Qf4 Qd5 62. Qg3 b4 63. Qf4 bxc3+ 64. Kxc3 Bd1 65. b4 Qb3+ 66. Kd2 Qc2+ 67. Ke3 Qe2# 0-1


[Site "https://www.chess.com"]

[Event "Titled Tuesday Blitz August 22 Early 2023"]
[White "Yanchenko, Roman"]
[Black "NovoselovRoman"]
[WhiteFideId "4137329"]
[WhiteElo "2816"]
[BlackElo "2584"]
[Result "1-0"]
[Round "6"]
[TimeControl "180+1"]
[Date "2023.08.22"]
[WhiteClock "0:00:13"]
[BlackClock "0:00:12"]
[Board "48"]

1. d4 d5 2. Nf3 Nf6 3. Bf4 e6 4. e3 Bd6 5. Bg3 c5 6. c4 cxd4 7. exd4 Nc6 8. Nc3 dxc4 9. Bxc4 O-O 10. O-O Bxg3 11. hxg3 a6 12. a3 b5 13. Ba2 Bb7 14. Re1 Ne7 15. Qd3 Qb6 16. Rad1 Rad8 17. Ng5 Ned5 18. Bb1 g6 19. Qd2 Nxc3 20. bxc3 Kg7 21. Bd3 Rc8 22. Rc1 Bd5 23. Nf3 Rc7 24. Qb2 Qa5 25. Qb4 Qxb4 26. cxb4 Rfc8 27. Rc5 Nd7 28. Rxc7 Rxc7 29. Re3 Nb6 30. Ne1 Rc1 31. Kf1 Bc4 32. Ke2 Nd5 33. Rf3 Ra1 34. Bxc4 bxc4 35. Nc2 Rb1 36. Kd2 g5 37. Ne3 g4 38. Nxg4 c3+ 39. Kd3 Ra1 40. Ne3 Nxe3 41. Rxe3 Rxa3 42. Rf3 Rb3 43. Kc2 Rxb4 44. Kxc3 Rb5 45. Kc4 f5 46. Ra3 Rb6 47. Kc5 Rb5+ 48. Kd6 Kf6 49. Kc6 Rd5 50. Ra4 h5 51. Kb6 Rd6+ 52. Kc5 Rd5+ 53. Kc4 a5 54. Kc3 Kg5 55. f3 h4 56. gxh4+ Kxh4 57. Kc4 Kg3 58. Ra2 a4 59. Kc3 Rb5 60. Rxa4 Kxg2 61. Ra6 e5 62. Kc4 Rb8 63. dxe5 Kxf3 64. Kd5 f4 65. e6 Kg3 66. Ke4 Rb4+ 67. Ke5 f3 68. e7 Rb8 69. Rg6+ Kf2 70. Rf6 Ke2 71. Rf8 Rb3 72. e8=Q Re3+ 73. Kf4 Rxe8 74. Rxe8+ Kf2 75. Re3 Kg2 76. Rxf3 Kg1 77. Ke3 Kg2 78. Ke2 Kg1 79. Rg3+ Kh2 80. Kf2 Kh1 81. Rh3# 1-0


[Site "https://www.chess.com"]